 Dungeon Crawl Stone Soup version 0.23-a0-650-ga4d50d4 (webtiles) character file.

63907 Borgoz the Warrior (level 14, 0/138 HPs)
             Began as a Minotaur Fighter on Jan 4, 2019.
             Was a Priest of Ru.
             Slain by a spriggan rider
             ... wielding the +10 trident of a ziggurat {pain, Str+3}
              (24 damage)
             ... on level 4 of the Lair of Beasts on Jan 5, 2019.
             The game lasted 00:46:22 (18585 turns).

Borgoz the Warrior (Minotaur Fighter)              Turns: 18585, Time: 00:46:23

Health: 0/138      AC: 16    Str: 26    XL:     14   Next: 69%
Magic:  13/13      EV: 18    Int:  5    God:    Ru [***...]
Gold:   1753       SH: 12    Dex: 15    Spells: 13/13 levels left

rFire    + . .     SeeInvis +   y - +2 war axe (venom)
rCold    . . .     Gourm    .   c - +0 shield
rNeg     . . .     Faith    .   z - +3 chain mail of Niompiu {Str+3 Slay+3}
rPois    .         Spirit   .   (helmet restricted)
rElec    +         Reflect  .   m - +0 cloak
rCorr    .         Harm     .   T - +2 pair of gloves
MR       +....                  S - +0 pair of boots of Devotion {rElec}
Stlth    ..........             J - amulet of regeneration
HPRegen  0.73/turn              u - ring "Ajoll" {rF+ Str+2 SInv Stlth-}
MPRegen  0.13/turn              L - +6 ring of evasion

@: about to teleport, horrified, drained
A: retaliatory headbutt, horns 2, no stealth, cowardly, inability to train
armour
a: Draw Out Power, Renounce Religion


You were on level 4 of the Lair of Beasts.
You worshipped Ru.
Ru was most pleased with you.
You were hungry.

You visited 4 branches of the dungeon, and saw 21 of its levels.
You visited 1 bazaar.

You collected 2384 gold pieces.
You spent 631 gold pieces at shops.

Inventory:

Hand Weapons
 y - a +2 war axe of venom (weapon)
Missiles
 o - a throwing net (quivered)
Armour
 c - a +0 shield (worn)
 m - a +0 cloak (worn)
 z - the +3 chain mail of Niompiu (worn) {Str+3 Slay+3}
   (You found it on level 5 of the Dungeon)

   It affects your strength (+3).
   It affects your accuracy and damage with ranged weapons and melee attacks
   (+3).
 Q - a +0 chain mail of fire resistance
 S - the +0 pair of boots of Devotion (worn) {rElec}
   (You found it on level 12 of the Dungeon)

   It insulates you from electricity.
 T - a +2 pair of gloves (worn)
Jewellery
 u - the ring "Ajoll" (left hand) {rF+ Str+2 SInv Stlth-}
   (You found it on level 4 of the Dungeon)

   [ring of attention]

   It affects your strength (+2).
   It protects you from fire.
   It lets you see invisible.
   It makes you less stealthy.
 G - an uncursed ring of stealth
 J - an amulet of regeneration (around neck)
 L - a +6 ring of evasion (right hand)
 N - an uncursed ring of protection from magic
 U - an uncursed ring of ice
Wands
 a - a wand of clouds (5)
 w - a wand of flame (12)
 B - a wand of polymorph (10)
 D - a wand of enslavement (7)
 H - a wand of paralysis (1)
 M - a wand of iceblast (1)
 R - a wand of acid (6)
 X - a wand of digging (5)
Scrolls
 h - 2 scrolls of amnesia {unknown}
 k - 8 scrolls of teleportation
 l - 2 scrolls of noise {unknown}
 n - a scroll of enchant armour {unknown}
 p - 7 scrolls of remove curse
 s - 3 scrolls of fear
 t - a scroll of acquirement {unknown}
 v - 3 scrolls of enchant weapon {unknown}
 C - 2 scrolls of magic mapping
 O - a scroll of silence {unknown}
 P - 2 scrolls of vulnerability {unknown}
 W - a scroll of blinking
 Y - a scroll of fog {unknown}
Potions
 b - a potion of invisibility
 d - 4 potions of might
 e - 3 potions of heal wounds
 g - a potion of resistance
 i - 3 potions of berserk rage
 j - 6 potions of curing
 q - a potion of brilliance
 r - 4 potions of haste
 x - 4 potions of cancellation
 A - 5 potions of agility
 E - 3 potions of lignification
 F - a potion of flight
 I - 3 potions of ambrosia
 K - a potion of mutation
Comestibles
 f - 39 rations


   Skills:
 + Level 16.9(15.8) Fighting
 + Level 16.7(15.7) Axes
 + Level 9.1(8.2) Dodging
 + Level 10.5(9.6) Shields


You had 13 spell levels left.
You didn't know any spells.
Your spell library contained the following spells:

 Spells                   Type           Power        Failure   Level  Hunger
 Magic Dart               Conj           #...         100%        1    ##.....
 Blink                    Tloc           N/A          100%        2    ###....
 Call Imp                 Summ           #.......     100%        2    ###....
 Slow                     Hex            #.......     100%        2    ###....
 Conjure Flame            Conj/Fire      #.......     100%        3    ####...
 Mephitic Cloud           Conj/Pois/Air  #.......     100%        3    ####...


Dungeon Overview and Level Annotations

Branches:
Dungeon (14/15)            Temple (1/1) D:6            Lair (4/6) D:11
 Shoals (0/4) Lair:4       Spider (0/4) Lair:3          Orc (2/2) D:11
    Elf (0/3) Orc:2        Vaults (0/5) D:13

Altars:
Ashenzari
Cheibriados
Dithmenos
Elyvilon
Fedhas
Gozag
Hepliaklqana
Kikubaaqudgha
Makhleb
Nemelex Xobeh
Okawaru
Qazlal
Ru
Sif Muna
Trog
Uskayaw
Vehumet
Wu Jian
Xom
Yredelemnul
Zin
The Shining One
Beogh

Shops:
D:7 *   D:9 !   D:10 (   D:11 *   Orc:2 }?!

Annotations:
D:9 1 runed door, melvinkitnick's ghost, novice TrMo
Lair:1 exclusion: 3 oklob plants
Lair:4 Xodoxeg's ghost, journeyman NaWz
Orc:2 3 runed doors, kirsanium's ghost, journeyman DDGl


Innate Abilities, Weirdness & Mutations

You reflexively headbutt those who attack you in melee.
You have a pair of horns on your head.
You cannot be stealthy.
Your cowardice makes you less effective in combat with threatening monsters.
You cannot train Armour skill.


Message History

You hit Xodoxeg's ghost but do no damage.
Xodoxeg's ghost hits you!!
* * * LOW HITPOINT WARNING * * *
The polar bear goes berserk!
The spriggan rider hits you but does no damage.
You writhe in agony.
* * * LOW HITPOINT WARNING * * *
As you read the scroll of teleportation, it crumbles to dust.
You feel strangely unstable. The polar bear closely misses you.
You furiously retaliate!
You headbutt the polar bear. You block the polar bear's attack.
The polar bear misses you. Xodoxeg's ghost hits you!
* * * LOW HITPOINT WARNING * * *
The black bear misses you. You furiously retaliate!
You headbutt the black bear! You block the black bear's attack.
The black bear closely misses you. The spriggan rider misses you.
The spriggan rider stops glowing.
Your chain mail of Niompiu prevents you from hitting Xodoxeg's ghost.
The spriggan rider hits you from afar with the +10 trident of a ziggurat {pain, You die...

..###....♣ ♣♣♣♣♣♣#.>.#......#
.###.....♣♣ .♣♣♣♣.........##
## ##....♣.♣♣....♣.........##
####....♣♣♣.§....♣....P.P...#
##.....#♣♣...♣♣..♣♣...P.....#
.......#♣..♣.♣..♣.♣..P.#...##
<.......♣.♣##'##♣.♣..##....#
....P...♣♣#8..i8#♣♣..###...#
#.###.........hW@....# #...#
.###.##...PP#.h#.....# #...##
.##.......###........####...#
..........##..........#....##
.........#.##.....##......##
#...............####.......#
.#..#####.....######....####
..######.#....# #......##
.#.###.##..#.## ##....##


You could see a spriggan rider, a polar bear (berserk), a black bear and
Xodoxeg's ghost.

Vanquished Creatures
  Kirke (Lair:4)
  Azrael (D:13)
  An ettin (Orc:2)
  Josephine (Lair:4)
  A fire dragon (Lair:4)
  3 hydras
  4 vault guards (D:13)
  2 ogre magi (Orc:2)
  2 two-headed ogres
  A queen ant (Lair:2)
  Urug (D:11)
  Sonja (Lair:3)
  2 unseen horrors
  A lindwurm (Lair:4)
  A wolf spider (D:12)
  A deep elf mage (D:14)
  3 orc knights
  10 orc sorcerers
  8 ugly things
  3 cyclopes
  Maurice (D:9)
  An ice statue (D:14)
  7 spiny frogs
  9 rime drakes (Lair:4)
  9 komodo dragons
  A kobold demonologist (D:12)
  A yaktaur (shapeshifter) (D:12)
  A yaktaur (D:12)
  A freezing wraith (D:14)
  A troll (D:14)
  3 jumping spiders (Lair:3)
  Grinder (D:4)
  7 hippogriffs
  2 hornets
  10 blink frogs
  3 redbacks (Lair:3)
  2 vampires
  2 fire elementals (D:12)
  6 wraiths
  19 yaks
  5 basilisks
  11 hogs
  A human (D:8)
  8 steam dragons (Lair:4)
  3 hungry ghosts
  A spriggan (Lair:4)
  3 vampire mosquitoes (D:14)
  6 wargs
  9 soldier ants
  An acid dragon (D:13)
  11 water moccasins
  3 hell hounds
  A soldier ant (shapeshifter) (D:14)
  15 orc warriors
  8 porcupines
  5 sky beasts
  2 black bears
  A boggart (Lair:4)
  An eye of draining (D:14)
  9 ogres
  2 phantoms
  6 ice beasts
  7 crocodiles
  17 centaurs
  A big kobold (D:11)
  13 bullfrogs
  A gnoll sergeant (Orc:1)
  A water moccasin zombie (D:5)
  5 scorpions
  21 killer bees
  8 howler monkeys
  An electric eel (Lair:1)
  2 crimson imps
  3 centaur zombies
  A quasit (D:11)
  2 bullfrog zombies (D:12)
  7 hounds
  A jelly (D:14)
  3 centaur skeletons
  21 orc priests
  29 orc wizards
  2 iguanas
  31 worker ants
  A killer bee zombie (D:9)
  2 worker ant zombies
  15 adders
  4 gnolls (D:8)
  4 shadow imps
  2 oozes
  An adder skeleton (D:5)
  2 adder zombies
  2 worms
  2 dart slugs (D:2)
  10 leopard geckos
  75 orcs
  6 giant cockroaches
  9 goblins
  6 hobgoblins
  10 jackals
  9 kobolds
  6 quokkas
  2 ball pythons (D:5)
  4 bats
  A frilled lizard (D:2)
  A leopard gecko zombie (D:6)
  5 rats
  2 butterflies (D:6)
  2 fungi
607 creatures vanquished.

Vanquished Creatures (others)
  A rime drake (Lair:4)
  An orc warrior (Orc:1)
  An orc wizard (Orc:2)
  4 fungi
  4 plants
11 creatures vanquished.

Grand Total: 618 creatures vanquished

Notes
Turn   | Place    | Note
-------+----------+-------------------------------------------
     0 | D:1      | Borgoz the Minotaur Fighter began the quest for the Orb.
     0 | D:1      | Reached XP level 1. HP: 19/19 MP: 0/0
   248 | D:1      | Reached XP level 2. HP: 25/27 MP: 1/1
   765 | D:2      | Reached XP level 3. HP: 23/33 MP: 2/2
  1109 | D:2      | Reached XP level 4. HP: 39/41 MP: 3/3
  1433 | D:2      | Found a radiant altar of Vehumet.
  1434 | D:2      | Found a white marble altar of Elyvilon.
  1435 | D:2      | Found an ornate altar of the Wu Jian Council.
  1435 | D:2      | Found a hide-covered altar of Uskayaw.
  1436 | D:2      | Found a shadowy altar of Dithmenos.
  1436 | D:2      | Found a glowing golden altar of the Shining One.
  1436 | D:2      | Found a basalt altar of Yredelemnul.
  1649 | D:3      | Found an iron altar of Okawaru.
  1649 | D:3      | Found a stormy altar of Qazlal.
  1654 | D:3      | Found a bloodstained altar of Trog.
  1687 | D:3      | Reached skill level 5 in Fighting
  1687 | D:3      | Reached XP level 5. HP: 24/48 MP: 4/4
  1979 | D:3      | Reached skill level 5 in Armour
  2271 | D:3      | Found a sparkling altar of Nemelex Xobeh.
  2442 | D:4      | Got a warped silver ring
  2703 | D:4      | Found a snail-covered altar of Cheibriados.
  2753 | D:4      | Reached XP level 6. HP: 53/56 MP: 5/5
  2811 | D:4      | Reached skill level 5 in Axes
  2813 | D:4      | Noticed Grinder
  2826 | D:4      | Paralysed by Grinder for 5 turns
  3073 | D:4      | Paralysed by Grinder for 3 turns
  3082 | D:4      | Killed Grinder
  3082 | D:4      | Reached XP level 7. HP: 56/64 MP: 6/6
  3446 | D:5      | Entered Level 5 of the Dungeon
  3794 | D:5      | Got a spiked chain mail
  3805 | D:5      | Identified the +3 chain mail of Niompiu {Str+3 Slay+3} (You
                  | found it on level 5 of the Dungeon)
  3805 | D:5      | Identified the ring "Ajoll" {rF+ Str+2 SInv Stlth-} (You
                  | found it on level 4 of the Dungeon)
  4072 | D:5      | Reached XP level 8. HP: 49/73 MP: 7/7
  4317 | D:6      | Found a staircase to the Ecumenical Temple.
  4331 | Temple   | Entered the Ecumenical Temple
  4367 | Temple   | Became a worshipper of Ru the Awakened
  4387 | D:6      | Found a blossoming altar of Fedhas.
  5203 | D:7      | Found Lapnupue's General Store.
  5321 | D:7      | Noticed a hippogriff
  5332 | D:7      | Killed a hippogriff
  5437 | D:7      | Found an iron altar of Okawaru.
  5469 | D:7      | Reached XP level 9. HP: 82/82 MP: 8/8
  5854 | D:7      | Found a blossoming altar of Fedhas.
  6634 | D:8      | Reached skill level 10 in Fighting
  6634 | D:8      | Reached skill level 10 in Armour
  6645 | D:8      | Reached skill level 10 in Axes
  6952 | D:9      | Reached XP level 10. HP: 94/94 MP: 9/9
  7043 | D:9      | Found a runed door.
  7051 | D:9      | Noticed a centaur warrior
  7052 | D:9      | Noticed melvinkitnick's ghost (novice TrMo)
  7110 | D:9      | Found Edwum's Distillery.
  7154 | D:9      | Found a burning altar of Makhleb.
  7206 | D:9      | Noticed Maurice
  7206 | D:9      | Paralysed by Maurice for 7 turns
  7222 | D:9      | Killed Maurice
  7477 | D:10     | Entered Level 10 of the Dungeon
  7808 | D:10     | Found Nienioc's Weapon Shoppe.
  8143 | D:11     | Reached XP level 11. HP: 83/104 MP: 10/10
  8181 | D:11     | Noticed a purple ugly thing
  8190 | D:11     | Killed a purple ugly thing
  8256 | D:11     | Found Hotya's Island Escapes.
  8291 | D:11     | Noticed a two-headed ogre
  8302 | D:11     | Killed a two-headed ogre
  8350 | D:11     | Found a staircase to the Lair.
  8376 | D:11     | Noticed a red ugly thing
  8385 | D:11     | Killed a red ugly thing
  8485 | D:11     | Noticed a white ugly thing
  8493 | D:11     | Killed a white ugly thing
  8631 | D:11     | Noticed Urug
  8647 | D:11     | Killed Urug
  8845 | D:11     | Found a staircase to the Orcish Mines.
  8897 | D:11     | Paralysed by a hornet for 1 turns
  9306 | D:11     | Bought a potion of invisibility for 104 gold pieces
  9306 | D:11     | Bought a scroll of teleportation for 39 gold pieces
  9306 | D:11     | Bought a scroll of blinking for 97 gold pieces
  9374 | D:12     | Noticed a green ugly thing
  9384 | D:12     | Killed a green ugly thing
  9474 | D:12     | Noticed a wolf spider
  9486 | D:12     | Killed a wolf spider
  9507 | D:12     | Got a pair of ichor-stained boots
  9516 | D:12     | Identified the +0 pair of boots of Devotion {rElec} (You
                  | found it on level 12 of the Dungeon)
  9638 | D:12     | Found a shimmering altar of Xom.
 10180 | D:13     | Noticed an unseen horror
 10181 | D:13     | Noticed Azrael
 10199 | D:12     | Reached XP level 12. HP: 99/115 MP: 11/11
 10238 | D:13     | Noticed a vault guard
 10242 | D:12     | Gained mutation: You cannot train Armour skill. [Ru
                  | sacrifice]
 10242 | D:12     | Reached * piety under Ru
 10328 | Lair:1   | Entered Level 1 of the Lair of Beasts
 10464 | Lair:1   | Got a wavering brass amulet
 10466 | Lair:1   | Identified an amulet of Koeq {Faith Str+7 Stlth-} (You
                  | found it on level 1 of the Lair of Beasts)
 10758 | Lair:1   | Found a stormy altar of Qazlal.
 11243 | Lair:1   | Noticed a five-headed hydra
 11262 | Lair:1   | Killed a five-headed hydra
 11710 | Orc:1    | Entered Level 1 of the Orcish Mines
 11859 | Orc:1    | Found a roughly hewn altar of Beogh.
 12054 | Orc:2    | Entered Level 2 of the Orcish Mines
 12058 | Orc:2    | Reached skill level 1 in Dodging
 12562 | Orc:1    | Reached skill level 5 in Shields
 12673 | Orc:1    | Reached skill level 15 in Fighting
 13207 | Orc:2    | Found a roughly hewn altar of Beogh.
 13207 | Orc:2    | Noticed an ettin
 13215 | Orc:2    | Killed an ettin
 13215 | Orc:2    | Reached XP level 13. HP: 126/126 MP: 12/12
 13328 | Orc:2    | Found a staircase to the Elven Halls.
 13377 | Orc:2    | Found a runed gate.
 13378 | Orc:2    | Found a runed gate.
 13379 | Orc:2    | Found a runed gate.
 13380 | Orc:2    | Noticed kirsanium's ghost (journeyman DDGl)
 13521 | Orc:2    | Paralysed by an orc sorcerer for 2 turns
 13536 | Orc:2    | Reached skill level 15 in Axes
 13548 | Orc:2    | Found Pemohup's Distillery.
 13589 | Orc:2    | Found an ancient bone altar of Kikubaaqudgha.
 13593 | Orc:2    | Found Yffebuj's Magic Scroll Emporium.
 13745 | Orc:2    | Bought a scroll of identify for 20 gold pieces
 13745 | Orc:2    | Bought a scroll of magic mapping for 35 gold pieces
 13748 | Orc:2    | Found a radiant altar of Vehumet.
 13785 | Orc:2    | Paralysed by an ogre mage for 7 turns
 13787 | Orc:2    | Reached skill level 5 in Dodging
 13918 | Orc:2    | Found a roughly hewn altar of Beogh.
 13918 | Orc:2    | Found Biylontoj's Gadget Emporium.
 14141 | D:13     | Killed Azrael
 14422 | D:13     | Found a gate to the Vaults.
 14947 | D:14     | Found a gateway to a bazaar.
 15087 | Bazaar   | Entered a bazaar
 15091 | Bazaar   | Found Kaatupniu's Distillery.
 15109 | Bazaar   | Found Cyluozeh's Distillery.
 15126 | Bazaar   | Found Roirharuba's Jewellery Boutique.
 15143 | Bazaar   | Found Jifomn's Gadget Shoppe.
 15165 | Bazaar   | Bought a potion of heal wounds for 50 gold pieces
 15165 | Bazaar   | Bought a potion of haste for 100 gold pieces
 15165 | Bazaar   | Bought a potion of ambrosia for 80 gold pieces
 15165 | Bazaar   | Bought a potion of berserk rage for 50 gold pieces
 15180 | Bazaar   | Bought a potion of agility for 56 gold pieces
 15918 | Lair:2   | Gained mutation: You cannot be stealthy. [Ru sacrifice]
 15918 | Lair:2   | Reached ** piety under Ru
 15936 | Lair:2   | Reached XP level 14. HP: 98/137 MP: 13/13
 16622 | Lair:3   | Noticed Sonja
 16633 | Lair:3   | Killed Sonja
 17299 | Lair:3   | Gained mutation: Your cowardice makes you less effective in
                  | combat with threatening monsters. [Ru sacrifice]
 17299 | Lair:3   | Reached *** piety under Ru
 17373 | Lair:3   | Found a hole to the Spider Nest.
 17594 | Lair:4   | Noticed Kirke
 17615 | Lair:4   | Killed Kirke
 17692 | Lair:4   | Reached skill level 10 in Shields
 17873 | Lair:4   | Found a runed door.
 17890 | Lair:4   | Noticed Xodoxeg's ghost (journeyman NaWz)
 17894 | Lair:4   | Identified the +10 trident of a ziggurat {pain, Str+3}
 17987 | Lair:4   | Found a staircase to the Shoals.
 17993 | Lair:4   | Noticed Josephine
 18014 | Lair:4   | Killed Josephine
 18585 | Lair:4   | Slain by a spriggan rider

Vault maps used:
D:1:      zelgadis_glass_arrival_small
D:2:      grunt_temple_overflow_open, first_ration, minmay_tromino_mix6
D:3:      minitemple, nemelex_spade_bored_becter
D:4:      cheibriados_altar_1, uniq_grinder
D:5:      minmay_diced_spiral
D:6:      minmay_temple_entry_butterflies, basic_altar, nicolae_benzene_ring
D:7:      basic_altar, serial_shops, shop_statue, fedhas_altar_2
D:8:      grunt_livestock
D:9:      kennysheep_mini_moat, serial_shops, shop, ebering_ghost_inner_flame,
          kennysheep_generic_room_8, uniq_maurice
D:10:     serial_shops, shop
D:11:     lair_entry_dummy, orc_0_dummy, nicolae_island_escapes, uniq_urug
D:12:     basic_altar, minmay_radiant
D:13:     lightli_vaults_fourway_checkpoint, uniq_azrael
D:14:     minmay_misc_feat_cross, serial_shops, statue_bzr,
          lemuel_flamethrower_3
Temple:   chequers_temple_sunken
Lair:1:   lemuel_oklob_altar, serial_bayou_shore_a, lemuel_fruit_fields,
          minmay_lair_oklob_chamber
Lair:2:   serial_bayou_pond_c, zaba_antful_of_joy, grunt_megastairs_2
Lair:3:   nicolae_spider_entry_tight_spaces, serial_bayou_shore_b, uniq_sonja
Lair:4:   elwin_shoals_entry_rocks, ebering_ghost_funeral_grove,
          bobbens_dragon_lair_wall, lemuel_fruit_tree, uniq_josephine,
          uniq_kirke
Orc:1:    cheibrodos_orc_guarddog, basic_altar, sword_in_stone
Orc:2:    kennysheep_orc_mage_school, gammafunk_ghost_necromancy, basic_altar
Bazaar:   bazaar_jpeg_circle_common

Skill      XL: |  1  2  3  4  5  6  7  8  9 10 11 12 13 14 |
---------------+-------------------------------------------+-----
Fighting       | 4 5 6 7 8 10 12 13 15 16 | 16.9
Armour         | 4 5 6 7 8 10 12 13 0 |  0.0
Axes           | 3 4 5 6 8 10 11 13 14 16 | 16.7
Dodging        | 4 7 9 |  9.1
Shields        | 5 8 10 | 10.5

Action                   |  1- 3 |  4- 6 |  7- 9 | 10-12 | 13-15 || total
-------------------------+-------+-------+-------+-------+-------++-------
Melee: War axe           |    49 |   125 |   263 |   557 |   485 ||  1479
       Headbutt          |     8 |    23 |    61 |   147 |   136 ||   375
Throw: Throwing net      |       |       |       |     2 |       ||     2
Invok: Sacrifice Durabil |       |       |       |     1 |       ||     1
       Sacrifice Stealth |       |       |       |       |     1 ||     1
       Sacrifice Courage |       |       |       |       |     1 ||     1
Evoke: Wand              |       |       |       |    13 |    17 ||    30
  Use: Scroll            |       |       |    11 |     2 |     5 ||    18
       Potion            |       |       |       |     3 |     2 ||     5
 Stab: Paralysed         |       |       |       |     2 |       ||     2
       Distracted        |       |       |       |       |     3 ||     3
  Eat: Chunk             |       |     6 |    13 |    22 |    11 ||    52
       Ration            |       |       |       |       |     2 ||     2
Armor: Scale mail        |    28 |    52 |    18 |       |       ||    98
       Chain mail        |       |       |    98 |   306 |   138 ||   542
Dodge: Dodged            |    16 |    41 |    66 |   141 |   178 ||   442
Block: Shield            |    25 |    65 |   129 |   289 |   259 ||   767

Table legend:
 A = Non-vault XP
 B = Vault XP
 C = Vault XP percentage of total XP
 D = Non-vault monster count
 E = Vault monster count
 F = Vault count percentage of total count
                 A         B        C        D         E       F
            +---------+---------+-------+---------+---------+-------
      Total |   52919 |   38378 |  42.0 |     452 |     153 |  25.3
            +---------+---------+-------+---------+---------+-------
        D:1 |      22 |       0 |   0.0 |      13 |       0 |   0.0
        D:2 |      88 |      22 |  20.0 |      21 |       3 |  12.5
        D:3 |     136 |       0 |   0.0 |      23 |       0 |   0.0
        D:4 |     241 |     277 |  53.5 |      12 |       1 |   7.7
        D:5 |     787 |     200 |  20.3 |      19 |       5 |  20.8
        D:6 |     321 |       0 |   0.0 |      14 |       0 |   0.0
        D:7 |    1304 |       0 |   0.0 |      30 |       0 |   0.0
        D:8 |     814 |     969 |  54.3 |      20 |       5 |  20.0
        D:9 |    2227 |     566 |  20.3 |      32 |       3 |   8.6
       D:10 |    2340 |       0 |   0.0 |      24 |       0 |   0.0
       D:11 |    5475 |     847 |  13.4 |      38 |       1 |   2.6
       D:12 |    2852 |    2216 |  43.7 |      24 |       8 |  25.0
       D:13 |    1576 |    6233 |  79.8 |       6 |      14 |  70.0
       D:14 |   10182 |     447 |   4.2 |      36 |       1 |   2.7
     Lair:1 |    4395 |       0 |   0.0 |      18 |       0 |   0.0
     Lair:2 |    2805 |    3245 |  53.6 |      14 |      32 |  69.6
     Lair:3 |    4520 |    2405 |  34.7 |      15 |       7 |  31.8
     Lair:4 |    5590 |   11966 |  68.2 |      20 |      33 |  62.3
      Orc:1 |    1794 |    1424 |  44.3 |      23 |       7 |  23.3
      Orc:2 |    5450 |    7561 |  58.1 |      50 |      33 |  39.8
            +---------+---------+-------+---------+---------+-------
